 Dungeon Crawl Stone Soup version 0.30-a0-782-ge64f9170bb (webtiles) character file.

Game seed: 14275189623382348269

32302 timneilson the Protected (level 13, -6/79 HPs)
             Began as a Gargoyle Fighter on Feb 18, 2023.
             Was a High Priest of Okawaru.
             Killed from afar by an ice statue (11 damage)
             ... with a shard of ice
             ... in an ice cave.
             The game lasted 00:43:31 (14956 turns).

timneilson the Protected (Gargoyle Fighter)        Turns: 14956, Time: 00:43:32

Health: -6/79      AC: 35    Str: 32    XL:     13   Next: 63%
Magic:  17/17      EV: 10    Int:  9    God:    Okawaru [*****.]
Gold:   380        SH: 12    Dex: 13    Spells: 12/12 levels left

rFire   + . .      SeeInvis .    E - +3 scimitar (flame)
rCold   + . .      Faith    .    c - +0 buckler
rNeg    + + .      Spirit   .    B - +0 plate armour of Pan-Flutes {rN+ Will+}
rPois   ∞          Reflect  +    d - +2 hat
rElec   +          Harm     .    j - +2 cloak
rCorr   +          Rampage  .    H - +2 pair of gloves "Iskeh" {Str+5}
Will    +....                    o - +0 pair of boots Stlth
                                 p - amulet of reflection
HPRegen 0.33/turn                i - +6 ring of strength
MPRegen 0.15/turn                (no ring)

@: resistant, studying Unarmed Combat
A: sickness immunity, AC +9, negative energy resistance 1, electricity
resistance, torment resistance 1, petrification resistance
a: Renounce Religion, Heroism, Finesse, Duel


You were in an ice cave.
You worshipped Okawaru.
Okawaru was extremely pleased with you.
You visited 2 branches of the dungeon, and saw 14 of its levels.
You also visited: Sewer and Ice Cave.

You collected 770 gold pieces.
You spent 390 gold pieces at shops.

Inventory:

Hand Weapons
 z - a +0 scimitar
 E - a +3 scimitar of flaming (weapon)
Missiles
 g - a throwing net (quivered)
Armour
 c - a +0 buckler (worn)
 d - a +2 hat (worn)
 j - a +2 cloak (worn)
 o - a +0 pair of boots (worn)
 B - the +0 plate armour of Pan-Flutes (worn) {rN+ Will+}
   (You found it on level 5 of the Dungeon)

   rN:        It protects you from negative energy.
   Will:      It increases your willpower.
 D - the +4 pearl dragon scales of Focus {rN+ Int+4}
   (Okawaru gifted it to you on level 12 of the Dungeon)

   Int:       It affects your intelligence (+4).
   rN:        It protects you from negative energy.
 H - the +2 pair of gloves "Iskeh" (worn) {Str+5}
   (You found it in an ice cave)

   Str:       It affects your strength (+5).
Jewellery
 i - a +6 ring of strength (left hand)
 p - an amulet of reflection (around neck)
Wands
 a - a wand of paralysis (5)
 e - a wand of flame (4)
 h - a wand of quicksilver (20)
 A - a wand of polymorph (1)
 C - a wand of iceblast (9)
Scrolls
 b - a scroll of magic mapping
 f - a scroll of enchant weapon
 s - 3 scrolls of teleportation
 u - 2 scrolls of poison
 w - 2 scrolls of blinking
 y - 3 scrolls of identify
 G - a scroll of enchant armour
Potions
 k - a potion of berserk rage
 l - 4 potions of invisibility
 m - 4 potions of brilliance
 q - a potion of flight
 r - a potion of resistance
 t - 3 potions of mutation
 v - 3 potions of attraction
 x - 3 potions of might
 F - 2 potions of haste
Miscellaneous
 n - a condenser vane


   Skills:
 + Level 8.7 Fighting
 * Level 9.9 Long Blades
 * Level 11.9 Armour
 + Level 6.1 Dodging
 * Level 11.9 Shields
 + Level 6.5 Invocations
 + Level 6.3 Evocations


You had 12 spell levels left.
You didn't know any spells.
Your spell library contained the following spells:

 Spells                   Type           Power      Damage    Failure   Level
 Foxfire                  Conj/Fire      0%         2x1d4     95%         1
 Dazzling Flash           Conj/Hex       0%         N/A       100%        3
 Vhi's Electric Charge    Tloc/Air       0%         N/A       100%        3
 Airstrike                Air            0%         2d(0-16)  100%        4
 Iskenderun's Mystic Bla  Conj/Tloc      0%         2d3       100%        4
 Arcjolt                  Conj/Air       0%         1d10      100%        5
 Fireball                 Conj/Fire      0%         3d3       100%        5
 Lightning Bolt           Conj/Air       0%         1d11      100%        5
 Yara's Violent Unravell  Hex/Tmut       0%         3d3       100%        5
 Starburst                Conj/Fire      0%         6d3       100%        6
 Enfeeble                 Hex            0%         N/A       100%        7
 Maxwell's Capacitive Co  Air            0%         ∞         100%        8
 Summon Lightning Spire   Summ/Air       Unusable   N/A       N/A         4

Dungeon Overview and Level Annotations

Branches:
Dungeon (13/15)            Temple (1/1) D:5            Lair (0/5) D:11
    Orc (0/2) D:11          Sewer (visited)           IceCv (1/1)
 Vaults: D:13-14

Altars:
Ashenzari
Cheibriados
Dithmenos
Elyvilon
Fedhas
Gozag
Hepliaklqana
Kikubaaqudgha
Makhleb
Nemelex Xobeh
Okawaru
Qazlal
Ru
Sif Muna
Trog
Uskayaw
Vehumet
Wu Jian
Xom
Yredelemnul
Zin
The Shining One

Shops:
D:10 =

Annotations:
D:11 exclusion: obsidian statue
D:13 3 runed translucent doors, arthad's ghost, novice FeSu IceCv exclusion: ice statue


Innate Abilities, Weirdness & Mutations

You are immune to sickness and miasma.
Your stone body is resilient. (AC +9)
You are immune to poison.
You resist negative energy. (rN+)
You are resistant to electric shocks. (rElec)
You are resistant to unholy torment.
You are immune to petrification.


Message History

You are engulfed in freezing vapours.
The wolf barely misses you. The ice statue gestures at you.
The freezing blast misses you.
The wolf is engulfed in freezing vapours.
The wolf barely misses you.
You hit the ice statue but do no damage.
The ice statue is moderately damaged.
The wolf is engulfed in freezing vapours.
You block the wolf's attack. The ice statue gestures at you.
The freezing blast engulfs you!
You hit the ice statue.
You melt the ice statue.
The ice statue is heavily damaged.
You are engulfed in freezing vapours.
The wolf is engulfed in freezing vapours.
You block the wolf's attack.
The ice statue gestures.
The wolf is engulfed in freezing vapours.
The wolf dies!
You hit the ice statue but do no damage.
The ice statue is heavily damaged.
You are engulfed in freezing vapours.
You hit the ice statue but do no damage.
The ice statue is heavily damaged.
You are engulfed in freezing vapours.
The ice statue gestures at you.
The bolt of cold hits you but does no damage.
You hit the ice statue.
You melt the ice statue.
The ice statue is heavily damaged.
You are engulfed in freezing vapours.
* * * LOW HITPOINT WARNING * * *
The ice statue gestures at you. The shard of ice hits you!
* * * LOW HITPOINT WARNING * * *
You feel protected.
You are engulfed in freezing vapours.
You resist. You block the ice beast's attack. The ice statue gestures at you.
The shard of ice hits you! You partially resist.
You die...

## ##)##
#°.°##
#.#.8○.#
#...Y@.#
#.#.#[#.#
###.#
##.#
##..#
#..##
##.##
#..# #.##


You could see an ice statue and an ice beast (summoned).

Vanquished Creatures
  A two-headed ogre (D:12)
  A boulder beetle (D:12)
  Erica (D:10)
  3 death yaks (IceCv)
  Nergalle (D:10)
  Pikel (D:9)
  A deep elf pyromancer (D:12)
  An oklob plant (D:11)
  A manticore (D:12)
  An ugly thing (D:12)
  2 cyclopes
  Maggie (D:9)
  2 unseen horrors
  A kobold demonologist (D:11)
  A tengu conjurer (D:12)
  A troll (D:11)
  8 polar bears (IceCv)
  A hornet (D:9)
  Grinder (D:3)
  6 slime creatures
  Sigmund (D:4)
  31 yaks
  A wyvern (D:9)
  A wraith (D:12)
  2 basilisks (D:12)
  Grum (D:9)
  A steam dragon (D:7)
  6 vampire mosquitoes (D:11)
  A death yak simulacrum (D:13)
  3 acid dragons
  A water moccasin (D:7)
  2 orc warriors
  4 black bears
  3 ogres (D:5)
  A sky beast (D:7)
  4 ice beasts
  17 wolves
  8 centaurs
  A phantom (D:6)
  A lemure (D:9)
  2 kobold brigands
  3 bullfrogs
  2 gnoll sergeants
  2 two-headed ogre simulacra (D:13)
  4 scorpions (D:5)
  A cane toad simulacrum (D:13)
  6 wights
  An elephant simulacrum (D:13)
  5 killer bees (D:9)
  7 howler monkeys
  4 jellies
  7 orc priests
  2 gnoll boudas
  4 hounds
  3 iguanas
  11 orc wizards
  A troll simulacrum (D:13)
  2 spriggan simulacra (D:13)
  21 gnolls
  14 adders
  3 river rats
  A shadow imp (D:6)
  2 ufetubi
  5 worms
  2 dart slugs
  34 orcs
  17 endoplasms
  5 giant cockroaches
  13 goblins
  6 hobgoblins
  13 jackals
  4 quokkas
  9 ball pythons
  4 bats
  7 frilled lizards
  19 kobolds
  15 rats
387 creatures vanquished.

Vanquished Creatures (others)
  A wolf (IceCv)
  4 plants (D:11)
5 creatures vanquished.

Grand Total: 392 creatures vanquished

Notes
Turn   | Place    | Note
-------+----------+-------------------------------------------
     0 | D:1      | timneilson the Gargoyle Fighter began the quest for the
                  | Orb.
     0 | D:1      | Reached XP level 1. HP: 14/14 MP: 1/1
   199 | D:1      | Reached XP level 2. HP: 17/19 MP: 2/2
   662 | D:1      | Reached XP level 3. HP: 23/23 MP: 3/3
   688 | D:1      | You fall into a shaft and drop 1 floor!
   896 | D:2      | Reached XP level 4. HP: 19/28 MP: 4/4
   985 | D:2      | Found a faded altar of an unknown god.
  1127 | D:2      | Reached skill level 1 in Dodging
  1867 | D:3      | Found a hide-covered altar of Uskayaw.
  1872 | D:3      | Noticed Grinder
  2330 | D:3      | Reached XP level 5. HP: 24/33 MP: 5/5
  2631 | D:3      | Paralysed by Grinder for 2 turns
  2634 | D:3      | Paralysed by Grinder for 4 turns
  2639 | D:3      | Killed Grinder
  2640 | D:3      | Reached XP level 6. HP: 3/38 MP: 6/6
  2642 | D:3      | Upgraded the game from 0.30-a0-779-g7971cf19c3 to
                  | 0.30-a0-782-ge64f9170bb
  3180 | D:4      | Reached skill level 5 in Shields
  3230 | D:4      | Identified the amulet of the Sky {RegenMP rF+}
  3234 | D:4      | Found a basalt altar of Yredelemnul.
  3301 | D:4      | Noticed Sigmund
  3311 | D:4      | Killed Sigmund
  3312 | D:4      | Reached skill level 5 in Armour
  3312 | D:4      | Reached XP level 7. HP: 41/43 MP: 7/7
  3322 | D:4      | Found a shimmering altar of Xom.
  3576 | D:4      | Found a glowing golden altar of the Shining One.
  3634 | D:5      | Entered Level 5 of the Dungeon
  3716 | D:5      | Found a staircase to the Ecumenical Temple.
  3721 | Temple   | Entered the Ecumenical Temple
  3805 | D:5      | Reached skill level 1 in Evocations
  3913 | D:5      | Reached XP level 8. HP: 48/48 MP: 8/8
  3937 | D:5      | Found an iron altar of Okawaru.
  3981 | D:5      | Identified the +0 plate armour of Pan-Flutes {rN+ Will+}
  4801 | D:6      | Reached skill level 5 in Fighting
  4833 | D:5      | Reached skill level 5 in Long Blades
  4881 | D:5      | Reached XP level 9. HP: 51/54 MP: 9/9
  5068 | D:6      | Found a sparkling altar of Nemelex Xobeh.
  5214 | D:6      | Found a glowing drain.
  5235 | Sewer    | Entered a sewer
  5463 | Sewer    | Found a viscous altar of Jiyva.
  6187 | D:5      | Became a worshipper of Warmaster Okawaru
  6476 | D:7      | Reached skill level 1 in Invocations
  6558 | D:7      | Reached * piety under Okawaru
  7160 | D:8      | Reached XP level 10. HP: 39/60 MP: 11/11
  7381 | D:8      | Found a hazy altar of Hepliaklqana.
  7381 | D:8      | Found a sacrificial altar of Ru.
  7424 | D:8      | Found a white marble altar of Elyvilon.
  7426 | D:8      | Found a faded altar of an unknown god.
  7427 | D:8      | Found a faded altar of an unknown god.
  7969 | D:8      | Reached ** piety under Okawaru
  9043 | D:9      | Noticed Pikel
  9083 | D:9      | Killed Pikel
  9145 | D:9      | Reached *** piety under Okawaru
  9398 | D:9      | Noticed Maggie
  9413 | D:9      | Killed Maggie
  9607 | D:9      | Reached XP level 11. HP: 25/66 MP: 10/13
  9828 | D:9      | Noticed Grum
  9859 | D:9      | Killed Grum
 10525 | D:10     | Entered Level 10 of the Dungeon
 10873 | D:10     | Found a broken altar of Ashenzari.
 10929 | D:10     | Found Iraywnao's Jewellery Emporium.
 10943 | D:10     | Noticed Nergalle
 10979 | D:10     | Killed Nergalle
 10979 | D:10     | Reached **** piety under Okawaru
 11007 | D:10     | Bought an amulet of reflection for 390 gold pieces
 11173 | D:10     | Found a shimmering blue altar of Sif Muna.
 11198 | D:10     | Noticed Erica
 11234 | D:10     | Killed Erica
 11418 | D:10     | Found a radiant altar of Vehumet.
 11553 | D:10     | Reached skill level 10 in Armour
 11553 | D:10     | Reached skill level 5 in Dodging
 11553 | D:10     | Reached skill level 10 in Shields
 11553 | D:10     | Reached skill level 5 in Invocations
 11553 | D:10     | Reached skill level 5 in Evocations
 11553 | D:10     | Reached XP level 12. HP: 62/73 MP: 15/15
 11632 | D:11     | Found a staircase to the Lair.
 11797 | D:11     | Noticed a sun demon
 12152 | D:11     | Identified the +2 leather armour of Xeshril {rC+}
 12374 | D:11     | Found a staircase to the Orcish Mines.
 12939 | D:12     | Noticed a centaur warrior
 13175 | D:12     | Noticed a boulder beetle
 13211 | D:12     | Reached ***** piety under Okawaru
 13229 | D:12     | Killed a boulder beetle
 13450 | D:12     | Reached XP level 13. HP: 50/78 MP: 17/17
 13883 | D:12     | Identified the +8 great sword of Xom's Hope {elec, rPois
                  | Dex+2}
 13979 | D:12     | Identified the +4 pearl dragon scales of Focus {rN+ Int+4}
                  | (Okawaru gifted it to you on level 12 of the Dungeon)
 13979 | D:12     | Received a gift from Okawaru
 14214 | D:13     | Found a runed translucent gate.
 14215 | D:13     | Found a runed translucent gate.
 14215 | D:13     | Found a runed translucent gate.
 14215 | D:13     | Noticed arthad's ghost (novice FeSu)
 14235 | D:13     | Found a frozen archway.
 14290 | IceCv    | Entered an ice cave
 14451 | IceCv    | Identified the +2 pair of gloves "Iskeh" {Str+5}
 14956 | IceCv    | Killed from afar by an ice statue

Illustrated notes

Levels and vault maps discovered:
D:1:      dpeg_arrival_boxorama, layout_basic, corexii_corridor_pit,
          st_stairs_12
D:2:      layout_basic, shapermc_ecumenical_altar_venn, minmay_hexomino_c4
D:3:      layout_loops_ring, mainiacjoe_overflow_tiny_flanked,
          kennysheep_generic_room_14, uniq_grinder
D:4:      layout_basic, kennysheep_mini, mainiacjoe_overflow_paths,
          nicolae_tso_swordbearing_angel, uniq_sigmund
D:5:      layout_gridville, nicolae_overflow_hidden_temple, temple_doors_e,
          minmay_manual_mess
D:6:      layout_rooms, nemelex_spade_bored_becter, lightli_sewer_entry_pipes,
          minmay_liquid_box
D:7:      layout_layer_cave
D:8:      layout_basic, chequers_temple_overflow_minitemple, bh_walls_and_bars
D:9:      layout_loops_corners, uniq_grum, uniq_pikel, uniq_maggie
D:10:     layout_rooms, mainiacjoe_overflow_alcove_1, lemuel_doored_altar,
          lemuel_tele_altar, serial_glass, glass_columns_b, glass_columns_b,
          glass_columns_b, glass_columns_c, glass_columns_a, glass_columns_b,
          serial_shops, nicolae_shop_stone, uniq_erica, uniq_nergalle
D:11:     layout_stronghold, dpeg_oklobed_lair, orc_0_dummy, minivault_15
D:12:     layout_basic, minmay_diamond_spiral
D:13:     layout_loops_cross, portal_ice_cave_entry_ice_simulacra,
          ebering_ghost_rock_garden
Temple:   hellmonk_temple_rainy
IceCv:    ice_cave_caverns_02

Skill      XL: |  1  2  3  4  5  6  7  8  9 10 11 12 13 |
---------------+----------------------------------------+-----
Long Blades    | 2 3 4 5 6 7 8 9 |  9.9
Dodging        | 1 2 3 4 5 6 |  6.1
Shields        | 4 5 6 7 9 10 11 | 11.9
Armour         | 4 5 6 7 9 10 11 | 11.9
Fighting       | 4 5 6 7 8 |  8.7
Evocations     | 1 2 3 4 5 6 |  6.3
Invocations    | 1 3 5 6 |  6.5

Action                     |  1- 3 |  4- 6 |  7- 9 | 10-12 | 13-15 || total
---------------------------+-------+-------+-------+-------+-------++-------
  Melee: Long sword        |   122 |   238 |   691 |   221 |       ||  1272
         Scimitar          |       |       |       |   682 |   407 ||  1089
         Unarmed           |       |       |       |     1 |       ||     1
 Invoke: Heroism           |       |       |       |    11 |     3 ||    14
  Evoke: Wand              |       |       |     4 |     5 |       ||     9
    Use: Scroll            |       |     8 |    12 |     6 |     1 ||    27
         Potion            |       |     2 |     6 |    12 |     1 ||    21
 Armour: Scale mail        |    76 |    65 |       |       |       ||   141
         Chain mail        |       |    41 |   540 |    14 |       ||   595
         Plate armour      |       |       |       |   573 |   203 ||   776
         Skin              |       |       |       |    15 |       ||    15
  Dodge: Dodged            |    65 |   140 |   385 |   396 |   119 ||  1105
  Block: Buckler           |    21 |    61 |   207 |   367 |   208 ||   864
         Reflection        |       |       |       |     3 |     1 ||     4

Table legend: (Time is in decaauts)
 A = Elapsed time spent in this place.
 B = Non-inter-level travel time spent in this place.
 C = Inter-level travel time spent in this place.
 D = Time resting spent in this place.
 E = Time spent auto-exploring this place.
 F = Levels seen in this place.
 G = Mean time per level.
                   A        B        C        D        E       F      G
               +--------+--------+--------+--------+--------+-----+--------+
         Total |  15255 |  14488 |    767 |    361 |   9212 |  16 |  953.4 |
       Dungeon |  14023 |  13256 |    767 |    349 |   8707 |  13 | 1078.7 |
        Temple |     39 |     39 |      0 |      0 |      0 |   1 |   39.0 |
         Sewer |    541 |    541 |      0 |     12 |    345 |   1 |  541.0 |
      Ice Cave |    651 |    651 |      0 |      0 |    160 |   1 |  651.0 |
               +--------+--------+--------+--------+--------+-----+--------+

Top non-repeatable levels by time:
     D:9: 1839 daAuts
     D:8: 1498 daAuts
     D:5: 1325 daAuts
     D:3: 1244 daAuts
    D:11: 1203 daAuts
    D:12: 1190 daAuts
    D:10: 1160 daAuts
     D:7: 977 daAuts
     D:2: 929 daAuts
     D:6: 896 daAuts
     D:1: 822 daAuts
     D:4: 794 daAuts
   IceCv: 651 daAuts
   Sewer: 541 daAuts
    D:13: 140 daAuts
